 Dungeon Crawl Stone Soup version 0.25.0-9-g26727b6 (webtiles) character file.

Game seed: 9147255920282969161

119 tboon the Covered (level 4, -1/42 HPs)
             Began as a Deep Dwarf Fighter on June 16, 2020.
             Slain by an orc priest
             ... wielding a +0 mace
              (2 damage)
             ... on level 3 of the Dungeon.
             The game lasted 00:03:25 (1169 turns).

tboon the Covered (Deep Dwarf Fighter)              Turns: 1169, Time: 00:03:26

Health: -1/42      AC:  7    Str: 21    XL:     4   Next: 73%
Magic:  4/4        EV:  7    Int:  8    God:
Gold:   96         SH:  9    Dex: 12    Spells: 3/3 levels left

rFire    . . .     SeeInvis .   a - +0 war axe
rCold    . . .     Gourm    .   c - +0 kite shield
rNeg     . . .     Faith    .   b - +0 scale mail
rPois    .         Spirit   .   (no helmet)
rElec    .         Reflect  .   (no cloak)
rCorr    .         Harm     .   (no gloves)
MR       .....                  (no boots)
Stlth    ..........             (no amulet)
HPRegen  0.00/turn              (no ring)
MPRegen  0.09/turn              (no ring)

@: non-regenerating
A: damage resistance, heal wounds, sense surroundings 1, no regeneration
a: Heal Wounds


You were on level 3 of the Dungeon.
You were not hungry.

You visited 1 branch of the dungeon, and saw 3 of its levels.

You collected 96 gold pieces.

Inventory:

Hand Weapons
 a - a +0 war axe (weapon)
Armour
 b - a +0 scale mail (worn)
 c - a +0 kite shield (worn)
 k - a +0 chain mail
   (You found it on level 1 of the Dungeon)
Jewellery
 e - an uncursed amulet of magic regeneration {unknown}
   (You found it on level 1 of the Dungeon)
 m - an uncursed amulet of regeneration {unknown}
   (You found it on level 1 of the Dungeon)
Scrolls
 j - 7 scrolls of identify {unknown}
 l - a scroll of amnesia {unknown}
Potions
 d - a potion of might
 g - a potion of brilliance {unknown}
 h - a potion of berserk rage {unknown}
 n - a potion of stabbing {unknown}
 o - 2 potions of resistance {unknown}
 p - 2 potions of curing {unknown}
Comestibles
 f - 6 rations
 i - a chunk of flesh


   Skills:
 + Level 3.2 Fighting
 * Level 3.8 Axes
 + Level 4.0 Armour
 + Level 4.0 Shields


You had 3 spell levels left.
You didn't know any spells.
Your spell library was empty.

Dungeon Overview and Level Annotations

Branches:
Dungeon (3/15)

Altars:


Innate Abilities, Weirdness & Mutations

You are resistant to damage.
You can heal yourself by infusing magical energy.
You passively map a small area around you.
You do not regenerate.


Message History

Items here: ( ) ÷÷ a +0 club; 9 stones; an adder skeleton; a hobgoblin skeleton Some of the chunks of flesh in your inventory have rotted away.
Items here: ( ) ÷÷ a +0 club; 9 stones; an adder skeleton; a hobgoblin skeleton
j - 7 scrolls labeled BUIVOPS XUMOCI (gained 1) Eating one of 8 chunks of flesh.
You eat one of the 8 chunks of flesh.
This raw flesh tastes terrible.
Some of the chunks of flesh in your inventory have rotted away.
Some of the chunks of flesh in your inventory have rotted away.
Some of the chunks of flesh in your inventory have rotted away.
Done exploring.
All of the chunks of flesh in your inventory have rotted away.
There is a stone staircase leading down here.
You climb downwards.
A hobgoblin comes into view.
The hobgoblin shouts!
There is a stone staircase leading up here.
You slash the hobgoblin!
You kill the hobgoblin!
You feel much better.
You open the door.
There is an open door here.
Found a stone staircase leading up.
A rat and a goblin come into view.
The goblin shouts!
You hear an angry hiss.
You closely miss the rat. You block the rat's attack.
You slash the rat!
You kill the rat!
The goblin hits you but does no damage.
You see here a rat corpse.
You block the goblin's attack.
Your shield and scale mail prevent you from hitting the goblin.
You block the goblin's attack.
You hit the goblin but do no damage. You block the goblin's attack.
You closely miss the goblin. The goblin hits you but does no damage.
A frilled lizard comes into view.
The goblin hits you.
The frilled lizard hisses angrily.
You slash the goblin!
You kill the goblin!
Your Shields skill increases to level 4!
You miss the frilled lizard. You block the frilled lizard's attack.
You hit the frilled lizard.
You kill the frilled lizard!
You see here a rat corpse.
You butcher the rat corpse.
i - a chunk of flesh You see here a rat skeleton.
An orc comes into view. It is wielding a +0 mace.
The orc shouts!
You hear a shout!
An orc comes into view. It is wielding a +0 whip.
An orc priest comes into view. It is wielding a +0 mace.
An orc comes into view. It is wielding a +0 war axe.
The orc shouts!
The orc priest shouts!
The orc barely misses you.
You slash the orc!
You kill the orc!
You closely miss the orc. You block the orc's attack.
You completely miss the orc. The orc hits you but does no damage.
You hit the orc but do no damage. The orc hits you with a +0 whip.
The orc closely misses you.
You barely miss the orc.
The orc priest invokes the aid of Beogh against you.
Beogh smites you! You block the orc's attack.
You closely miss the orc. You block the orc's attack. x2
You hit the orc.
The orc is lightly wounded.
The orc barely misses you.
You hit the orc but do no damage. You block the orc's attack.
The orc closely misses you.
You hit the orc but do no damage. The orc hits you but does no damage.
You closely miss the orc. You block the orc's attack.
The orc hits you but does no damage.
Your shield prevents you from hitting the orc.
The orc priest calls down the wrath of Beogh upon you.
Beogh smites you! You block the orc's attack.
You closely miss the orc. The orc hits you with a +0 whip.
You closely miss the orc. You block the orc's attack.
The orc barely misses you.
You closely miss the orc. You block the orc's attack.
You hit the orc.
The orc is severely wounded.
The orc closely misses you.
You slash the orc!
You kill the orc!
The orc hits you with a +0 war axe.
Your shield prevents you from hitting the orc.
You block the orc's attack.
You closely miss the orc. The orc hits you but does no damage.
The orc priest invokes the aid of Beogh against you.
Beogh smites you!
* * * LOW HITPOINT WARNING * * *
You barely miss the orc. You block the orc's attack.
You slash the orc!
You kill the orc!
You block the orc priest's attack.
You closely miss the orc priest. The orc priest hits you with a +0 mace.
You closely miss the orc priest. The orc priest hits you with a +0 mace.
You die...

*,,, * #....# * , #....# ,
#########....o+, ,,, ,,
###<........o...# * , ,
#....#######o(..#
#....'.....+..!.####
#....#######.......#
###.......@o.......#
#..#######.......##
#########..#######.#.......
...........#..÷...........
,
##########.#.##...........
#.#.##......#####
#.#.##......# *
###.#.#######....... ,
#...................,


You could see an orc priest.

Vanquished Creatures
  Terence (D:2)
  6 adders (D:2)
  An ooze (D:2)
  3 orcs (D:3)
  A bat (D:1)
  3 goblins
  4 hobgoblins
  5 jackals (D:2)
  4 kobolds
  A quokka (D:2)
  A ball python (D:2)
  A frilled lizard (D:3)
  9 rats
40 creatures vanquished.

Notes
Turn   | Place    | Note
-------+----------+-------------------------------------------
     0 | D:1      | tboon the Deep Dwarf Fighter began the quest for the Orb.
     0 | D:1      | Reached XP level 1. HP: 20/20 MP: 1/1
   310 | D:1      | Reached XP level 2. HP: 25/27 MP: 2/2
   644 | D:2      | Reached skill level 3 in Fighting
   644 | D:2      | Reached skill level 3 in Axes
   644 | D:2      | Reached XP level 3. HP: 28/34 MP: 3/3
   737 | D:2      | Noticed Terence
   746 | D:2      | Killed Terence
   766 | D:2      | Reached XP level 4. HP: 31/42 MP: 4/4
   832 | D:2      | Reached skill level 4 in Armour
  1127 | D:3      | Reached skill level 4 in Shields
  1165 | D:3      | HP: 1/42 [orc priest/divine providence (12)]
  1169 | D:3      | Slain by an orc priest

Illustrated notes

Levels and vault maps discovered:
D:1:      dpeg_arrival_arbitrary_b, layout_basic
D:2:      layout_rooms, hex_large, uniq_terence
D:3:      layout_basic, lightli_corner_chamber

Skill      XL: |  1  2  3  4 |
---------------+-------------+-----
Fighting       | 3 |  3.2
Axes           | 3 |  3.8
Armour         | 4 |  4.0
Shields        | 4 |  4.0

Action                   |  1- 3 |  4- 6 || total
-------------------------+-------+-------++-------
Melee: War axe           |    68 |    68 ||   136
 Abil: Heal Wounds       |       |     1 ||     1
  Eat: Chunk             |       |     1 ||     1
Armor: Scale mail        |    27 |    18 ||    45
Dodge: Dodged            |    23 |    14 ||    37
Block: Kite shield       |    30 |    39 ||    69

Levels and vault maps discovered:
D:1:      dpeg_arrival_arbitrary_b, layout_basic
D:2:      layout_rooms, hex_large, uniq_terence
D:3:      layout_basic, lightli_corner_chamber

Table legend:
 A = Turns spent in this place as a percentage of turns spent in the entire game.
 B = Non-inter-level travel turns spent in this place as a percentage of non-inter-level travel turns spent in the entire game.
 C = Inter-level travel turns spent in this place as a percentage of turns spent in this place.
 D = Turns resting spent in this place as a percentage of non-inter-level travel turns spent in this place.
 E = Turns spent auto-exploring this place as a percentage of non-inter-level travel turns spent in this place.
 F = Non-inter-level travel turns spent in this place divided by the number of levels of this place that you've seen.
                   A       B       C       D       E      F
               +-------+-------+-------+-------+-------+----------------------
         Total | 100.0 | 100.0 |   4.0 |   0.0 |  67.5 | 374.0
       Dungeon | 100.0 | 100.0 |   4.0 |   0.0 |  67.5 | 374.0
               +-------+-------+-------+-------+-------+----------------------

Table legend:
 A = Kills in this place as a percentage of kills in entire the game.
 B = Kills by you in this place as a percentage of kills by you in the entire game.
 C = Kills by friends in this place as a percentage of kills by friends in the entire game.
 D = Other kills in this place as a percentage of other kills in the entire game.
 E = Experience gained in this place as a percentage of experience gained in the entire game.
 F = Experience gained in this place divided by the number of levels of this place that you have seen.
                   A       B       C       D       E      F
               +-------+-------+-------+-------+-------+----------------------
         Total | 100.0 | 100.0 |   N/A |   N/A | 100.0 |  56.7
       Dungeon | 100.0 | 100.0 |   N/A |   N/A | 100.0 |  56.7
               +-------+-------+-------+-------+-------+----------------------
